 Dungeon Crawl Stone Soup version 0.29.1-4-g47bece8355 (webtiles) character file.

Game seed: 14107321093948107632

1010 GorkyZ the Covered (level 8, -2/48 HPs)
             Began as a Gargoyle Fighter on Dec 11, 2022.
             Slain by a gnoll
             ... wielding a +0 halberd
             ... led by a gnoll bouda
              (3 damage)
             ... on level 5 of the Dungeon.
             The game lasted 00:12:03 (4718 turns).

GorkyZ the Covered (Gargoyle Fighter)               Turns: 4718, Time: 00:12:04

Health: -2/48      AC: 12    Str: 19    XL:     8   Next: 21%
Magic:  8/8        EV: 10    Int: 10    God:
Gold:   280        SH:  5    Dex: 11    Spells: 7/7 levels left

rFire   . . .      SeeInvis .   u - +0 spear (venom)
rCold   . . .      Faith    .   c - +0 buckler
rNeg    + . .      Spirit   .   b - +0 scale mail
rPois   ∞          Reflect  .   (no helmet)
rElec   +          Harm     .   (no cloak)
rCorr   .          Rampage  .   (no gloves)
Will    .....                   (no boots)
Stlth   ..........              (no amulet)
HPRegen 0.16/turn               (no ring)
MPRegen 0.11/turn               (no ring)

@: no status effects
A: sickness immunity, AC +5, negative energy resistance 1, electricity
resistance, torment resistance 1, petrification resistance
a: no special abilities


You were on level 5 of the Dungeon.
You visited 1 branch of the dungeon, and saw 5 of its levels.

You collected 346 gold pieces.
You spent 66 gold pieces at shops.

Inventory:

Hand Weapons
 a - a +1 war axe of flaming
 u - a +0 spear of venom (weapon)
Missiles
 f - 6 poisoned darts (quivered)
 i - 2 boomerangs
 l - 6 javelins
 y - 6 curare-tipped darts
Armour
 b - a +0 scale mail (worn)
 c - a +0 buckler (worn)
Jewellery
 z - a ring of magical power
Wands
 r - a wand of mindburst (20)
Scrolls
 h - a scroll of noise
 o - a scroll of enchant armour {unknown}
 v - 2 scrolls of teleportation {unknown}
 w - a scroll of identify
Potions
 d - 2 potions of might
 e - a potion of invisibility
 g - a potion of degeneration
 j - a potion of flight {unknown}
 k - a potion of lignification {unknown}
 m - 2 potions of curing
 n - a potion of cancellation {unknown}
 p - a potion of magic {unknown}
 q - 3 potions of resistance {unknown}
 s - 2 potions of heal wounds {unknown}
 t - 2 potions of mutation {unknown}
 x - a potion of attraction {unknown}


   Skills:
 + Level 4.8 Fighting
 + Level 3.4(3.7) Axes
 + Level 1.9(2.9) Polearms
 + Level 3.0 Throwing
 + Level 5.0 Armour
 + Level 2.3 Dodging
 + Level 4.9 Shields
 + Level 2.7 Evocations


You had 7 spell levels left.
You didn't know any spells.
Your spell library contained the following spells:

 Spells                   Type           Power      Damage    Failure   Level
 Apportation              Tloc           0%         N/A       80%         1
 Necrotise                Necr           0%         1d4       80%         1
 Sandblast                Erth           0%         2d4       80%         1
 Summon Small Mammal      Summ           0%         N/A       80%         1
 Passwall                 Tmut/Erth      0%         N/A       91%         2
 Call Canine Familiar     Summ           0%         N/A       99%         3
 Gell's Gravitas          Tloc           0%         N/A       99%         3
 Lesser Beckoning         Tloc           0%         N/A       99%         3
 Portal Projectile        Hex/Tloc       0%         N/A       99%         3
 Stone Arrow              Conj/Erth      0%         3d7       99%         3
 Summon Guardian Golem    Hex/Summ       0%         N/A       99%         3
 Teleport Other           Tloc           0%         N/A       99%         3
 Tukima's Dance           Hex            0%         N/A       99%         3
 Blade Hands              Tmut           0%         N/A       100%        5


Dungeon Overview and Level Annotations

Branches:
Dungeon (5/15)
 Temple: D:4-7

Altars:
Cheibriados
Dithmenos
Vehumet
Yredelemnul

Shops:
D:3 *

Annotations:
D:5 1 transporter


Innate Abilities, Weirdness & Mutations

You are immune to sickness and miasma.
Your stone body is resilient. (AC +5)
You are immune to poison.
You resist negative energy. (rN+)
You are resistant to electric shocks. (rElec)
You are resistant to unholy torment.
You are immune to petrification.


Message History

Your attacks no longer feel as feeble.
The gnoll is no longer moving quickly.
The gnoll bouda barks out a call to the hunt!
The gnoll picks up the pace!
The gnoll hits you from afar with a +0 spear.
You barely miss the gnoll bouda.
The gnoll bouda is severely wounded.
You kill the gnoll bouda!
The gnoll is no longer moving quickly.
The gnoll closely misses you.
Your Throwing skill increases to level 3!
Your Armour skill increases to level 5!
The gnoll hits you but does no damage. You block the gnoll's attack.
Items here: )) [ ††.
You hit the gnoll but do no damage.
The gnoll is poisoned.
The gnoll barely misses you. The gnoll hits you with a +0 spear.
You hit the gnoll.
The gnoll is moderately wounded.
The gnoll hits you but does no damage. x2
You hit the gnoll but do no damage.
The gnoll is moderately wounded.
The gnoll hits you but does no damage. You block the gnoll's attack.
You completely miss the gnoll.
The gnoll is moderately wounded.
The gnoll hits you from afar with a +0 halberd!
* * * LOW HITPOINT WARNING * * *
You hit the gnoll.
The gnoll looks as sick as possible!
The gnoll is almost dead.
You kill the gnoll!
The gnoll barely misses you. The gnoll barely misses you.
Things that are here:
a +0 spear; a throwing net; a gnoll corpse You hit the gnoll but do no damage.
The gnoll is poisoned.
You block the gnoll's attack.
You hit the gnoll but do no damage. The gnoll hits you with a +0 halberd!
* * * LOW HITPOINT WARNING * * *
You hit the gnoll but do no damage.
The gnoll is lightly wounded.
The gnoll hits you with a +0 halberd.
You die...

.........################
.#####..## #..#########
#..........######>
#...........!.(<..
##########.####### #.#
#)# #@# #g# ..# ####


You could see a gnoll (very poisoned).

Vanquished Creatures
  Prince Ribbit (D:5)
  A black bear (D:5)
  An ogre (D:5)
  A phantom (D:4)
  2 necrophages (D:5)
  A scorpion (D:5)
  A jelly (D:4)
  An orc priest (D:5)
  A hound (D:5)
  A gnoll bouda (D:5)
  An iguana (D:5)
  3 orc wizards
  6 gnolls
  4 adders
  2 worms (D:2)
  2 dart slugs
  7 orcs
  5 endoplasms
  2 giant cockroaches
  7 hobgoblins
  6 jackals
  A quokka (D:2)
  5 ball pythons
  2 bats
  2 frilled lizards
  4 goblins
  7 kobolds
  9 rats
86 creatures vanquished.

Vanquished Creatures (others)
  3 fungi (D:2)
  3 plants
6 creatures vanquished.

Grand Total: 92 creatures vanquished

Notes
Turn   | Place    | Note
-------+----------+-------------------------------------------
     0 | D:1      | GorkyZ the Gargoyle Fighter began the quest for the Orb.
     0 | D:1      | Reached XP level 1. HP: 14/14 MP: 1/1
   240 | D:1      | Reached XP level 2. HP: 19/19 MP: 2/2
   689 | D:1      | Reached XP level 3. HP: 23/23 MP: 3/3
  1159 | D:2      | Reached skill level 1 in Throwing
  1328 | D:2      | Found a faded altar of an unknown god.
  1882 | D:3      | Reached XP level 4. HP: 28/28 MP: 4/4
  2020 | D:3      | Found a shadowy altar of Dithmenos.
  2027 | D:3      | Reached skill level 1 in Evocations
  2184 | D:3      | Found Hilajoh's General Store.
  2192 | D:3      | Bought 6 curare-tipped darts for 36 gold pieces
  2192 | D:3      | Bought a potion of curing for 30 gold pieces
  2726 | D:4      | Noticed a phantom
  2857 | D:4      | Killed a phantom
  2858 | D:4      | Reached skill level 1 in Dodging
  2858 | D:4      | Reached XP level 5. HP: 27/33 MP: 5/5
  2916 | D:4      | Found a snail-covered altar of Cheibriados.
  2953 | D:4      | Reached skill level 4 in Armour
  2957 | D:4      | HP: 1/33 [orc/+0 falchion (2)]
  3291 | D:4      | Reached XP level 6. HP: 38/38 MP: 6/6
  3379 | D:4      | Found a basalt altar of Yredelemnul.
  3500 | D:4      | Found a radiant altar of Vehumet.
  3914 | D:5      | Entered Level 5 of the Dungeon
  4055 | D:5      | Reached XP level 7. HP: 18/43 MP: 7/7
  4259 | D:5      | Reached skill level 1 in Polearms
  4568 | D:5      | Noticed Prince Ribbit
  4581 | D:5      | Killed Prince Ribbit
  4582 | D:5      | Reached XP level 8. HP: 48/48 MP: 8/8
  4592 | D:5      | Found a transporter.
  4709 | D:5      | Reached skill level 5 in Armour
  4717 | D:5      | HP: 1/48 [gnoll/+0 halberd[a gnoll bouda] (8)]
  4718 | D:5      | Slain by a gnoll

Illustrated notes

Levels and vault maps discovered:
D:1:      dpeg_arrival_castle, layout_loops_ring, serial_bayou_crossing
D:2:      layout_rooms, dreamdust_ecumenical_altar_hidden_monk_grotto,
          minmay_misc_feat_alley, roderic_roman_lattice
D:3:      layout_basic, grunt_dithmenos_smoke, serial_bayou,
          serial_bayou_pond_a, serial_bayou_lake_a, serial_bayou_pond_d,
          serial_bayou_ford_a, serial_shops, shop
D:4:      layout_gridville, mainiacjoe_overflow_alcove_2,
          mainiacjoe_overflow_surrounded_room, cheibriados_altar_1
D:5:      gammafunk_steamed_eel, layout_loops_ring, uniq_prince_ribbit1,
          uniq_menkaure

Skill      XL: |  1  2  3  4  5  6  7  8 |
---------------+-------------------------+-----
Axes           | 2 3 |  3.4
Throwing       | 1 2 3 |  3.0
Evocations     | 1 2 |  2.7
Dodging        | 1 2 |  2.3
Armour         | 4 5 |  5.0
Shields        | 4 |  4.9
Fighting       | 4 |  4.8
Polearms       | 1 |  1.9

Action                   |  1- 3 |  4- 6 |  7- 9 || total
-------------------------+-------+-------+-------++-------
Melee: War axe           |   121 |    73 |       ||   194
       Spear             |       |    73 |    93 ||   166
  Use: Scroll            |       |    11 |       ||    11
       Potion            |       |     2 |       ||     2
Armor: Scale mail        |    54 |    66 |    40 ||   160
Dodge: Dodged            |    65 |    59 |    45 ||   169
Block: Buckler           |    22 |    26 |    13 ||    61
